 Dungeon Crawl Stone Soup version 0.31-a0-145-g046c7d2549 (webtiles) character file.

Game seed: 6984510448605046018

80 nicknak712 the Grave Robber (level 4, -5/21 HPs)
             Began as a Vampire Necromancer on June 5, 2023.
             Slain by a gnoll
             ... wielding a +2 flail of holy wrath
              (6 damage)
             ... on level 3 of the Dungeon.
             The game lasted 00:16:43 (2187 turns).

nicknak712 the Grave Robber (Vampire Necromancer)   Turns: 2187, Time: 00:16:44

Health: -5/21      AC:  3    Str:  5 (7)  XL:     4   Next: 18%
Magic:  7/7        EV: 17    Int: 17 (19) God:
Gold:   148        SH:  0    Dex: 12 (14) Spells: 2/8 levels left

rFire   . . .        u - +0 dagger
rCold   . . .        (no shield)
rNeg    . . .        a - +0 robe
rPois   .            (no helmet)
rElec   .            (no cloak)
rCorr   .            n - +0 pair of gloves
SInv    +            (no boots)
Will    .....        d - amulet of magic regeneration
Stlth   ++           r - +5 ring of evasion
HPRegen 0.43/turn    (no ring)
MPRegen 0.50/turn

%: no passive effects
@: healing quickly
A: alive, fangs 3, see invisible, vampiric 2, [frail 3]
a: Exsanguinate


You were on level 3 of the Dungeon.
You visited 1 branch of the dungeon, and saw 3 of its levels.

You collected 148 gold pieces.

Inventory:

Hand Weapons
 c - a +0 club
 u - a +0 dagger (weapon)
Armour
 a - a +0 robe (worn)
 h - an orb of wrath
 n - a +0 pair of gloves (worn)
Jewellery
 d - an amulet of magic regeneration (around neck)
 r - a +5 ring of evasion (left hand)
Wands
 p - a wand of mindburst (9)
Scrolls
 e - a scroll of immolation {unknown}
 l - a scroll of poison {unknown}
 m - a scroll of amnesia {unknown}
 q - a scroll of identify {unknown}
 s - a scroll of vulnerability {unknown}
 t - a scroll of magic mapping {unknown}
 w - a scroll of fog {unknown}
Potions
 f - 2 potions of invisibility {unknown}
 g - 3 potions of curing {unknown}
 i - a potion of resistance {unknown}
 j - 2 potions of attraction {unknown}
 k - a potion of ambrosia {unknown}
 o - a potion of lignification {unknown}
 v - a potion of degeneration {unknown}


   Skills:
 + Level 3.0 Dodging
 + Level 4.3 Stealth
 + Level 2.6 Spellcasting
 * Level 5.0 Necromancy


You had 2 spell levels left.
You knew the following spells:

 Your Spells              Type           Power      Damage    Failure   Level
a - Necrotise             Necr           76%        1d7       2%          1
b - Sublimation of Blood  Necr           19%        N/A       3%          2
c - Vampiric Draining     Necr           19%        2d7       7%          3

Your spell library contained the following spells:

 Spells                   Type           Power      Damage    Failure   Level
 Wereblood                Tmut           2%         N/A       28%         2
 Animate Dead             Necr           19%        N/A       22%         4
 Agony                    Necr           19%        N/A       54%         5
 Petrify                  Tmut/Erth      2%         N/A       88%         4
 Irradiate                Conj/Tmut      1%         3d12      99%         5
 Summon Hydra             Summ           1%         N/A       100%        7


Dungeon Overview and Level Annotations

Branches:
Dungeon (3/15)

Altars:


Innate Abilities, Weirdness & Mutations

Your natural rate of healing is accelerated.
You have razor-sharp teeth.
You have supernaturally acute eyesight. (SInv)
You are afflicted with vampirism and can become a bat while bloodless.
[You are extremely frail. (-30% HP)]


Message History

Aim: a gnoll, wielding a +0 halberd (lightly wounded, chance to affect: 84%)
The gnoll barely resists.
The gnoll closely misses you. The gnoll closely misses you.
The gnoll completely misses you.
The spell is quite dangerous to miscast (7% risk of failure)!
Continue anyway?
You draw life force from the gnoll!
The gnoll hits you with a +0 halberd!
Ouch! That really hurt!
The gnoll hits you from afar with a +0 spear.
* * * LOW HITPOINT WARNING * * *
You are too injured to fight recklessly!
There are monsters nearby!
Casting: Vampiric Draining (quite dangerous; 7% risk of failure)
Confirm with . or Enter, or press ? or * to list all spells.
The spell is quite dangerous to miscast (7% risk of failure)!
Continue anyway?
Aiming: Vampiric Draining (quite dangerous; 7% risk of failure)
Press: ? - help, Shift-Dir - straight line, f/p - gnoll
Aim: a gnoll, wielding a +0 halberd (severely wounded)
You draw life force from the gnoll!
You kill the gnoll!
You feel life coursing into your body.
The gnoll throws a throwing net.
The throwing net completely misses you. The gnoll barely misses you.
Your Necromancy skill increases to level 5!
Casting: Vampiric Draining (quite dangerous; 7% risk of failure)
Confirm with . or Enter, or press ? or * to list all spells.
You don't have enough magic to cast this spell.
Magic courses through your body. The goblin misses you.
The gnoll closely misses you. The gnoll misses you.
Aiming: Mindburst
Press: ? - help, Q - select action, (/) - cycle Shift-Dir - straight line, f - goblin
Aim: a goblin, wielding a +0 dagger (chance to affect: 79%)
The goblin's mind is blasted!
You blow up the goblin!
The gnoll barely misses you. The gnoll closely misses you.
Aiming: Mindburst
Press: ? - help, Q - select action, (/) - cycle Shift-Dir - straight line, f - gnoll
Aim: a gnoll, wielding a +2 flail of holy wrath (chance to affect: 72%)
The gnoll's mind is blasted!
The gnoll hits you with a +2 flail of holy wrath.
* * * LOW HITPOINT WARNING * * *
You convulse.
You die...

..# ... #.# #.# ...
#.# ..... #.#
......# #.# ......#
#@##......#
###g##......#
#..gg.gg....#
#...........# ##
#........#######..
#........#........
#...(...............
#...................
#..................#


You could see 3 gnolls.

Vanquished Creatures
  A gnoll (D:3)
  An adder (D:2)
  A worm (D:2)
  A dart slug (D:2)
  2 orcs (D:3)
  4 endoplasms
  3 giant cockroaches
  4 goblins
  5 hobgoblins
  3 jackals (D:1)
  2 quokkas (D:2)
  6 ball pythons
  3 bats
  9 frilled lizards
  3 kobolds
  4 rats
52 creatures vanquished.

Vanquished Creatures (collateral kills)
  An endoplasm (D:1)
1 creature vanquished.

Grand Total: 53 creatures vanquished

Notes
Turn   | Place    | Note
-------+----------+-------------------------------------------
     0 | D:1      | nicknak712 the Vampire Necromancer began the quest for the
                  | Orb.
     0 | D:1      | Reached XP level 1. HP: 13/13 MP: 3/3
   278 | D:1      | You fall into a shaft and drop 1 floor!
   426 | D:1      | Reached XP level 2. HP: 13/13 MP: 3/5
  1046 | D:2      | Gained mutation: You are afflicted with vampirism and can
                  | become a bat while bloodless. [Vampire growth]
  1046 | D:2      | Reached XP level 3. HP: 16/16 MP: 4/6
  1139 | D:2      | Learned a level 2 spell: Sublimation of Blood
  1143 | D:2      | Learned a level 3 spell: Vampiric Draining
  1960 | D:3      | Reached XP level 4. HP: 24/24 MP: 1/7
  2185 | D:3      | Reached skill level 5 in Necromancy
  2187 | D:3      | HP: 1/21 [gnoll/+2 flail of holy wrath (6)]
  2187 | D:3      | Slain by a gnoll

Illustrated notes

Levels and vault maps discovered:
D:1:      dpeg_arrival_shelter, layout_loops_ring, chequers_serial_rivers_room_b
D:2:      layout_loops_ring
D:3:      layout_basic, chequers_ecumenical_altar_twisty

Skill      XL: |  1  2  3  4 |
---------------+-------------+-----
Stealth        | 4 |  4.3
Dodging        | 3 |  3.0
Necromancy     | 5 |  5.0
Spellcasting   | |  2.6

Action                     |  1- 3 |  4- 6 || total
---------------------------+-------+-------++-------
  Melee: Club              |    48 |       ||    48
         Bite              |     6 |     1 ||     7
         Dagger            |       |     1 ||     1
   Cast: Necrotise         |    54 |     2 ||    56
         Vampiric Draining |    16 |     3 ||    19
         Sublimation of Bl |     1 |       ||     1
Ability: Exsanguinate      |     2 |     1 ||     3
         Revivify          |     2 |     1 ||     3
         End Transformatio |       |     1 ||     1
         Bat Form          |       |     1 ||     1
  Evoke: Wand              |       |     2 ||     2
    Use: Potion            |       |     1 ||     1
   Stab: Sleeping          |     7 |       ||     7
 Armour: Robe              |    15 |       ||    15
  Dodge: Dodged            |    53 |    19 ||    72

Table legend: (Time is in decaauts)
 A = Elapsed time spent in this place.
 B = Non-inter-level travel time spent in this place.
 C = Inter-level travel time spent in this place.
 D = Time resting spent in this place.
 E = Time spent auto-exploring this place.
 F = Levels seen in this place.
 G = Mean time per level.
                   A        B        C        D        E       F      G
               +--------+--------+--------+--------+--------+-----+--------+
         Total |   2178 |   2121 |     57 |    285 |   1243 |   3 |  726.0 |
       Dungeon |   2178 |   2121 |     57 |    285 |   1243 |   3 |  726.0 |
               +--------+--------+--------+--------+--------+-----+--------+

Top non-repeatable levels by time:
     D:1: 1019 daAuts
     D:2: 716 daAuts
     D:3: 442 daAuts
